 Dungeon Crawl Stone Soup version 0.23.2 (webtiles) character file.

Game seed: 3663168959861121847

33 Borgoz the Sneak (level 3, -3/27 HPs)
             Began as a Ghoul Enchanter on Apr 4, 2019.
             Slain by a centaur (9 damage)
             ... on level 2 of the Dungeon.
             The game lasted 00:01:55 (1787 turns).

Borgoz the Sneak (Ghoul Enchanter)                  Turns: 1787, Time: 00:01:56

Health: -3/27      AC:  2    Str:  8 (11) XL:     3   Next: 29%
Magic:  1/4        EV: 12    Int:  9 (10) God:
Gold:   44         SH:  0    Dex:  8 (10) Spells: 2/5 levels left

rFire    . . .     SeeInvis .   a - +1 dagger
rCold    + . .     Gourm    .   (no shield)
rNeg     + + +     Faith    .   b - +0 robe
rPois    ∞         Spirit   .   (no helmet)
rElec    .         Reflect  .   (no cloak)
rCorr    .         Harm     .   (no gloves)
MR       .....                  (no boots)
Stlth    ++........             e - amulet of magic regeneration
HPRegen  0.00/turn              (no ring)
MPRegen  0.34/turn              (no ring)

@: very slightly contaminated, rotting
A: rotting body, claws 1, carnivore, cold resistance 1, negative energy
resistance 3, inhibited regeneration, torment resistance, unbreathing
a: no special abilities


You were on level 2 of the Dungeon.
You were not hungry.

You visited 1 branch of the dungeon, and saw 2 of its levels.

You collected 44 gold pieces.

Inventory:

Hand Weapons
 a - a +1 dagger (weapon)
Armour
 b - a +0 robe (worn)
Jewellery
 e - an amulet of magic regeneration (around neck)
Scrolls
 g - a scroll of identify {unknown}
Potions
 f - a potion of berserk rage {unknown}
Comestibles
 d - 4 rations


   Skills:
 + Level 0.6 Fighting
 * Level 1.6 Short Blades
 * Level 1.2 Armour
 * Level 2.3 Dodging
 - Level 3.2 Stealth
 - Level 1.7 Spellcasting
 - Level 2.4 Hexes


You had 2 spell levels left.
You knew the following spells:

 Your Spells              Type           Power        Failure   Level  Hunger
a - Corona                Hex            #......      13%         1    ##.....
b - Ensorcelled Hibernat  Hex/Ice        #.....       32%         2    ###....

Your spell library contained the following spells:

 Spells                   Type           Power        Failure   Level  Hunger
 Confuse                  Hex            #.......     36%         3    ####...
 Tukima's Dance           Hex            #.......     36%         3    ####...
 Dazzling Spray           Conj/Hex       #.....       54%         3    ####...


Dungeon Overview and Level Annotations

Branches:
Dungeon (2/15)

Altars:


Innate Abilities, Weirdness & Mutations

Your body is rotting away.
You thrive on raw meat.
You are immune to poison.
You have sharp fingernails.
You are carnivorous and can eat meat at any time.
Your flesh is cold resistant. (rC+)
You are immune to negative energy. (rN+++)
You do not regenerate when monsters are visible.
You are immune to unholy pain and torment.
You can survive without breathing.


Message History

Aiming: Ensorcelled Hibernation (safe; 30% risk of failure)
Press: ? - help, Shift-Dir - straight line, f/p - centaur
Aim: a centaur (chance to defeat MR: 35%)
You miscast Ensorcelled Hibernation.
You shiver with cold.
The centaur barely misses you.
A kobold comes into view.
The centaur hits you!
* * * LOW HITPOINT WARNING * * *
Casting: Ensorcelled Hibernation (safe; 30% risk of failure)
Confirm with . or Enter, or press ? or * to list all spells.
You don't have enough magic to cast that spell.
Unknown command.
Casting: Ensorcelled Hibernation (safe; 30% risk of failure)
Confirm with . or Enter, or press ? or * to list all spells.
Okay, then.
It was a potion of degeneration.
There was something very wrong with that liquid.
You feel weakened.
You feel dopey.
You feel clumsy. The centaur hits you!
You die...

#.##.#.......
#.#.K......
#.#........
##(..(..... #
#........##
#.#..)#....#
##.#..#.#..##
....#._c#.####
#.#..#@#......
#.#...#......#
#.#..(....##.#
#.#..#.####
#.<....#
#(##.###
#.##.# #.##.#
#.##.#


You could see a centaur and a kobold (wandering).

Vanquished Creatures
  An ooze (D:1)
  A dart slug (D:1)
  4 giant cockroaches (D:1)
  2 goblins (D:1)
  4 hobgoblins
  A ball python (D:1)
  2 bats (D:1)
  7 kobolds (D:1)
  3 rats (D:1)
25 creatures vanquished.

Notes
Turn   | Place    | Note
-------+----------+-------------------------------------------
     0 | D:1      | Borgoz the Ghoul Enchanter began the quest for the Orb.
     0 | D:1      | Reached XP level 1. HP: 14/14 MP: 2/2
    13 | D:1      | Reached skill level 1 in Short Blades
   280 | D:1      | Reached XP level 2. HP: 20/20 MP: 3/3
   745 | D:1      | Reached skill level 1 in Armour
  1010 | D:1      | Reached XP level 3. HP: 20/26 MP: 4/4
  1077 | D:1      | Learned a level 2 spell: Ensorcelled Hibernation
  1525 | D:2      | Found a faded altar of an unknown god.
  1528 | D:2      | Noticed a centaur
  1787 | D:2      | Slain by a centaur

Skill      XL: |  1  2 |
---------------+-------+-----
Short Blades   | 1 |  1.6
Dodging        | 2 |  2.3
Armour         | 1 |  1.2
Fighting       | |  0.6
Stealth        | |  3.2
Spellcasting   | |  1.7
Hexes          | |  2.4

Action                   || total
-------------------------++-------
Melee: Dagger            ||    67
  Use: Potion            ||     1
 Stab: Sleeping          ||    10
  Eat: Chunk             ||     5
Armor: Robe              ||     7
Dodge: Dodged            ||    36
